 Dungeon Crawl Stone Soup version 0.28.0-53-g5a82cb258f (webtiles) character file.

Game seed: 7217852361162028770

7558 LustLizard the Cleaver (level 10, -5/135 HPs)
             Began as a Minotaur Berserker on July 15, 2022.
             Was a High Priest of Trog.
             Slain by a vampire (9 damage)
             ... on level 9 of the Dungeon.
             The game lasted 00:20:23 (11457 turns).

LustLizard the Cleaver (Minotaur Berserker)        Turns: 11457, Time: 00:20:24

Health: -5/135     AC:  9    Str: 20    XL:     10   Next: 96%
Magic:  9/9        EV: 11    Int:  8    God:    Trog [*****.]
Gold:   393        SH:  0    Dex: 10    Spells: 9/9 levels left

rFire   . . .      SeeInvis .   N - +8 flail "Detoimap" {drain, rPois rCorr Str-4 Int+2}
rCold   . . .      Faith    .   (no shield)
rNeg    . . .      Spirit   .   I - +2 ring mail "Zoud" {Will+}
rPois   +          Reflect  .   (helmet restricted)
rElec   .          Harm     .   (no cloak)
rCorr   +          Rampage  .   H - +0 pair of gloves
Will    +....                   p - +0 pair of boots
Stlth   ..........              j - amulet of the acrobat
HPRegen 0.32/turn               (no ring)
MPRegen 0.11/turn               (no ring)

@: berserking (expiring), very quick
A: horns 2, retaliatory headbutt
a: Renounce Religion, Berserk, Trog's Hand, Brothers in Arms


You were on level 9 of the Dungeon.
You worshipped Trog.
Trog was extremely pleased with you.
You visited 1 branch of the dungeon, and saw 9 of its levels.
You also visited: Sewer.

You collected 432 gold pieces.
You spent 39 gold pieces at shops.

Inventory:

Hand Weapons
 a - a +0 hand axe
 q - a +0 war axe
 N - the +8 flail "Detoimap" (weapon) {drain, rPois rCorr Str-4 Int+2}
   (You found it on level 6 of the Dungeon)

   A truly terrible weapon, it drains the life of any living foe it strikes.
   Str:       It affects your strength (-4).
   Int:       It affects your intelligence (+2).
   rPois:     It protects you from poison.
   rCorr:     It protects you from acid and corrosion.
Missiles
 c - 180 stones (quivered)
 s - 21 poisoned darts
 B - 8 boomerangs
 O - 4 atropa-tipped darts
 V - 4 curare-tipped darts
Armour
 b - a +0 animal skin
 d - a +0 ring mail
 l - a +3 leather armour of poison resistance
 p - a +0 pair of boots (worn)
 H - a +0 pair of gloves (worn)
 I - the +2 ring mail "Zoud" (worn) {Will+}
   (You took it off an orc on level 4 of the Dungeon)

   Will:      It increases your willpower.
Jewellery
 j - an amulet of the acrobat (around neck)
Wands
 C - a wand of charming (13)
 D - a wand of acid (13)
 F - a wand of digging (18)
 K - a wand of flame (21)
 M - a wand of polymorph (6)
 Q - a wand of mindburst (11)
Scrolls
 e - 5 scrolls of teleportation {unknown}
 i - 18 scrolls of identify {unknown}
 m - a scroll of immolation {unknown}
 o - 3 scrolls of fog {unknown}
 t - 2 scrolls of holy word {unknown}
 y - a scroll of brand weapon {unknown}
 z - a scroll of summoning {unknown}
 A - a scroll of fear {unknown}
 E - a scroll of blinking {unknown}
 G - 2 scrolls of noise {unknown}
 L - 2 scrolls of enchant weapon {unknown}
 P - a scroll of torment {unknown}
 R - a scroll of enchant armour {unknown}
 T - a scroll of amnesia {unknown}
Potions
 f - 4 potions of heal wounds {unknown}
 g - a potion of invisibility {unknown}
 h - a potion of degeneration {unknown}
 k - a potion of flight {unknown}
 n - 2 potions of attraction {unknown}
 r - 4 potions of might {unknown}
 u - 2 potions of berserk rage {unknown}
 v - 3 potions of curing
 w - a potion of cancellation {unknown}
 x - a potion of ambrosia {unknown}
 J - a potion of magic {unknown}
 S - a potion of haste {unknown}
 U - a potion of resistance {unknown}


   Skills:
 + Level 8.9 Fighting
 * Level 11.8 Axes
 * Level 9.5 Throwing
 + Level 2.4 Armour
 + Level 2.2 Dodging
 * Level 7.0 Evocations


You had 9 spell levels left.
You didn't know any spells.
Your spell library was empty.

Dungeon Overview and Level Annotations

Branches:
Dungeon (9/15)             Temple (0/1) D:7           Sewer (visited)
   Lair: D:8-11         Orc: D:9-12

Altars:
Dithmenos
Gozag
Hepliaklqana
Okawaru
Xom
Beogh

Shops:
D:4 !


Innate Abilities, Weirdness & Mutations

You have a pair of horns on your head.
You reflexively headbutt those who attack you in melee.


Message History

The killer bee zombie hits you but does no damage.
Unknown command.
You bludgeon the howler monkey zombie!!
You destroy the howler monkey zombie!
Trog accepts your kill.
You feel sick. The orc hits you with a +0 whip. The killer bee zombie hits you.
The orc warrior hits you from afar with a +0 trident.
The orc hits you with a +0 whip.
* * * LOW HITPOINT WARNING * * *
You closely miss the orc.
You feel sick. The killer bee zombie misses you. You furiously retaliate!
You headbutt the killer bee zombie! The orc barely misses you.
Something hits you!
* * * LOW HITPOINT WARNING * * *
Something bites you.
* * * LOW HITPOINT WARNING * * *
Something draws strength from your injuries!
You bludgeon the orc!!
You kill the orc!
Trog accepts your kill.
You feel sick.
The killer bee zombie hits you but does no damage.
The orc warrior hits you from afar with a +0 trident!
* * * LOW HITPOINT WARNING * * *
You sock the killer bee zombie!
You destroy the killer bee zombie!
Trog accepts your kill. The orc barely misses you.
Something hits you but does no damage. Something bites you!
* * * LOW HITPOINT WARNING * * *
Something draws strength from your injuries!
The orc warrior hits you from afar with a +0 trident.
* * * LOW HITPOINT WARNING * * *
You hit something but do no damage. Your headbutt misses something.
You feel sick.
You are no longer poisoned.
A bullfrog comes into view.
The orc hits you with a +0 whip.
* * * LOW HITPOINT WARNING * * *
Something hits you!
You die...

###'####....#
#.[F).##....#
#...........#
#...........#
#...).##....#
#.....##....#
+.....##....#
#..o))ooo...# ####
#######)@)##....#
...###+##..####)).##...[#
..............)...##.{..#
.......(..........#.....#
.......>.$.(......#..<..#
#########################


You could see an orc warrior, a bullfrog (wandering) and 3 orcs.

Vanquished Creatures
  Pikel (D:7)
  A deep elf pyromancer (D:8)
  The ghost of Diggabert the Poker, a novice FoAK of Lugonu (D:5)
  The ghost of Sin92 the Chiller, a novice DsIE of Okawaru (D:6)
  A manticore (D:6)
  A cyclops (D:6)
  A troll (D:6)
  Sigmund (D:5)
  Eustachio (D:5)
  A wyvern (D:6)
  A yak (D:6)
  A steam dragon (D:7)
  A water moccasin (D:6)
  An acid dragon (D:8)
  Duvessa (D:7)
  2 orc warriors
  3 ice beasts
  5 black bears
  2 sky beasts
  2 ogres (D:6)
  2 hornet zombies (D:6)
  A centaur (D:6)
  2 phantoms
  2 lemures (D:7)
  A wyvern zombie (D:8)
  3 bullfrogs
  6 scorpions
  A water moccasin skeleton (D:4)
  6 killer bees (D:7)
  Dowan (D:7)
  A howler monkey (D:8)
  2 centaur zombies
  2 bullfrog zombies
  A centaur skeleton (D:6)
  4 hounds
  A jelly (D:6)
  5 orc priests
  2 gnoll shamans
  3 iguanas
  Ijyb (D:4)
  2 orc wizards
  A killer bee zombie (D:9)
  A hound skeleton (D:5)
  A howler monkey zombie (D:9)
  17 adders
  7 gnolls
  9 river rats
  A shadow imp (D:7)
  2 white imps
  5 worms
  A dart slug (D:2)
  22 orcs
  7 endoplasms
  6 giant cockroaches
  8 goblins
  14 hobgoblins
  3 jackals (D:3)
  6 quokkas
  22 ball pythons
  10 bats
  9 frilled lizards
  14 kobolds
  35 rats
279 creatures vanquished.

Notes
Turn   | Place    | Note
-------+----------+-------------------------------------------
     0 | D:1      | LustLizard the Minotaur Berserker began the quest for the
                  | Orb.
     0 | D:1      | Reached XP level 1. HP: 19/19 MP: 0/0
   115 | D:1      | Reached XP level 2. HP: 27/27 MP: 1/1
   120 | D:1      | Reached skill level 4 in Axes
   198 | D:1      | Reached skill level 1 in Throwing
   426 | D:1      | Reached ** piety under Trog
   497 | D:1      | Reached XP level 3. HP: 33/33 MP: 2/2
  1711 | D:3      | Reached XP level 4. HP: 40/40 MP: 3/3
  2000 | D:3      | Reached skill level 5 in Axes
  2153 | D:3      | Noticed a scorpion
  2157 | D:3      | Killed a scorpion
  2158 | D:3      | Reached XP level 5. HP: 45/47 MP: 4/4
  2162 | D:3      | Reached *** piety under Trog
  2710 | D:4      | Noticed Ijyb
  2724 | D:4      | Killed Ijyb
  2740 | D:4      | Reached XP level 6. HP: 54/55 MP: 5/5
  2845 | D:4      | Noticed an ice beast
  2860 | D:4      | Killed an ice beast
  2861 | D:4      | Reached skill level 5 in Fighting
  2861 | D:4      | Reached skill level 6 in Axes
  3082 | D:4      | Found a glowing drain.
  3202 | Sewer    | Entered a sewer
  3277 | Sewer    | Reached **** piety under Trog
  3593 | Sewer    | Reached XP level 7. HP: 48/61 MP: 6/6
  3759 | Sewer    | Reached skill level 7 in Axes
  3761 | Sewer    | Reached skill level 5 in Throwing
  3763 | Sewer    | Reached ***** piety under Trog
  4407 | D:4      | Found a shadowy altar of Dithmenos.
  4433 | D:4      | Found Rinuigou's Distillery.
  4442 | D:4      | Bought a potion of curing for 39 gold pieces
  4829 | D:5      | Entered Level 5 of the Dungeon
  4832 | D:5      | Found a hazy altar of Hepliaklqana.
  4935 | D:5      | Reached skill level 1 in Evocations
  4935 | D:5      | Reached XP level 8. HP: 55/70 MP: 7/7
  5058 | D:5      | Found an opulent altar of Gozag.
  5075 | D:5      | Reached skill level 8 in Axes
  5122 | D:5      | Noticed Sigmund
  5132 | D:5      | Killed Sigmund
  5171 | D:5      | Noticed Eustachio
  5188 | D:5      | Killed Eustachio
  5640 | D:5      | Found a runed translucent gate.
  5640 | D:5      | Found a runed translucent gate.
  5640 | D:5      | Found a runed translucent gate.
  5644 | D:5      | Identified the +9 dagger "Ajeuhepi" {holy, Contam rF+ MP+9
                  | Stlth+}
  5644 | D:5      | Identified the +2 ring mail "Zoud" {Will+}
  5649 | D:5      | Noticed Diggabert's ghost (novice FoAK)
  6398 | D:5      | Killed Diggabert's ghost
  6399 | D:5      | Reached skill level 9 in Axes
  6399 | D:5      | Reached XP level 9. HP: 21/79 MP: 8/8
  6732 | D:5      | Found a shimmering altar of Xom.
  6734 | D:5      | Found an iron altar of Okawaru.
  7263 | D:6      | Noticed a troll
  7265 | D:6      | Noticed Sin92's ghost (novice DsIE)
  7347 | D:6      | Found a runed translucent gate.
  7347 | D:6      | Found a runed translucent gate.
  7347 | D:6      | Found a runed translucent gate.
  7350 | D:6      | You fall into a shaft and drop 1 floor!
  8198 | D:6      | Reached skill level 10 in Axes
  8236 | D:6      | Reached skill level 5 in Evocations
  8528 | D:6      | Noticed a cyclops
  8532 | D:6      | Noticed a manticore
  8534 | D:6      | Killed a cyclops
  8535 | D:6      | Reached XP level 10. HP: 88/88 MP: 9/9
  8537 | D:6      | Killed a manticore
  8554 | D:6      | Identified the +8 flail "Detoimap" {drain, rPois rCorr
                  | Str-4 Int+2}
  8826 | D:6      | Killed Sin92's ghost
  8827 | D:6      | Reached skill level 11 in Axes
  9468 | D:7      | Found a staircase to the Ecumenical Temple.
  9518 | D:7      | Noticed Dowan
  9532 | D:7      | Killed Dowan
  9562 | D:7      | Noticed Duvessa
  9564 | D:7      | Noticed Pikel
  9570 | D:7      | Killed Duvessa
  9574 | D:7      | Killed Pikel
 10130 | D:8      | Found the +4 robe of Augmentation {Str+4 Int+4 Dex+4}
 10152 | D:8      | Noticed a deep elf pyromancer
 10172 | D:8      | Killed a deep elf pyromancer
 11016 | D:9      | Noticed a two-headed ogre
 11457 | D:9      | HP: 6/135 [poisoned by an orc]
 11457 | D:9      | Slain by a vampire

Illustrated notes

Levels and vault maps discovered:
D:1:      minmay_arrival_radiant_lines, layout_loops_ring, minmay_pentomino_x4
D:2:      minmay_evil_eye, layout_basic
D:3:      minmay_chambers_of_threes, layout_loops_corners, minmay_mini_jars
D:4:      layout_basic, grunt_dithmenos_smoke_and_mirrors, serial_shops,
          nicolae_lakefront_shop, gup_sewer_entry_spiral, grunt_ministairs_1,
          uniq_ijyb
D:5:      layout_basic, nicolae_overflow_hidden_temple,
          mainiacjoe_overflow_24_doors, biasface_ghost_orc_armoury,
          uniq_eustachio, uniq_sigmund
D:6:      kennysheep_windowed_halls, layout_basic, gammafunk_ghost_split
D:7:      layout_loops_corners, minmay_temple_entry_ruins, uniq_pikel,
          uniq_duvessa
D:8:      layout_cave_pools
D:9:      layout_gridville, enter_bailey_2

Skill      XL: |  1  2  3  4  5  6  7  8  9 10 |
---------------+-------------------------------+-----
Axes           | 4 5 6 7 9 10 11 | 11.8
Throwing       | 1 2 3 4 5 6 8 9 |  9.5
Fighting       | 4 5 6 7 8 |  8.9
Evocations     | 1 3 5 7 |  7.0
Armour         | |  2.4
Dodging        | |  2.2

Action                   |  1- 3 |  4- 6 |  7- 9 | 10-12 || total
-------------------------+-------+-------+-------+-------++-------
Melee: Hand axe          |    93 |       |       |       ||    93
       Headbutt          |     9 |    22 |    54 |    13 ||    98
       War axe           |     1 |   160 |   269 |     2 ||   432
       Unarmed           |       |     8 |       |       ||     8
       Punch             |       |       |     6 |       ||     6
       Flail             |       |       |       |   114 ||   114
Throw: Stone             |    18 |    16 |    33 |     4 ||    71
Invok: Berserk           |       |       |     7 |     2 ||     9
       Trog's Hand       |       |       |     1 |       ||     1
       Brothers in Arms  |       |       |     1 |       ||     1
Armor: Ring mail         |    13 |       |    42 |    56 ||   111
       Leather armour    |    18 |    65 |    65 |       ||   148
       Skin              |       |     1 |       |       ||     1
Dodge: Dodged            |    62 |   103 |   198 |   112 ||   475
